 Dungeon Crawl Stone Soup version 0.29.1-13-g9f3cf754e1 (webtiles) character file.

Game seed: 779593108533516579

14511 Exodus22XD the Severer (level 11, -4/100 HPs)
             Began as a Minotaur Fighter on Feb 5, 2023.
             Was a Believer of the Shining One.
             Slain by a two-headed ogre
             ... wielding a +0 giant club
              (15 damage)
             ... on level 11 of the Dungeon.
             The game lasted 00:15:25 (11416 turns).

Exodus22XD the Severer (Minotaur Fighter)          Turns: 11416, Time: 00:15:28

Health: -4/100     AC:  9    Str: 31    XL:     11   Next: 89%
Magic:  14/14      EV: 10    Int:  5    God:    the Shining One [**....]
Gold:   680        SH: 12    Dex: 17    Spells: 10/10 levels left

rFire   . . .      SeeInvis +   a - +0 war axe
rCold   . . .      Faith    .   c - +0 buckler
rNeg    + . .      Spirit   .   n - +4 ring mail "Qoulud" {Str+7 SInv Stlth-}
rPois   .          Reflect  +   J - +2 hat
rElec   .          Harm     .   (no cloak)
rCorr   .          Rampage  .   (no gloves)
Will    .....                   (no boots)
Stlth   ..........              y - amulet of reflection
HPRegen 0.26/turn               e - ring of see invisible
MPRegen 0.14/turn               D - +6 ring of dexterity

@: corroded, glowing
A: horns 2, retaliatory headbutt
a: Renounce Religion, Divine Shield


You were on level 11 of the Dungeon.
You worshipped the Shining One.
The Shining One was pleased with you.
You visited 2 branches of the dungeon, and saw 12 of its levels.

You collected 680 gold pieces.

Inventory:

Hand Weapons
 a - a +0 war axe (weapon)
 E - a +6 trident of venom
Missiles
 x - 5 javelins (quivered)
Armour
 c - a +0 buckler (worn)
 g - a +0 plate armour
 n - the +4 ring mail "Qoulud" (worn) {Str+7 SInv Stlth-}
   (You found it on level 3 of the Dungeon)

   Str:       It affects your strength (+7).
   SInv:      It lets you see invisible.
   Stlth:     It makes you less stealthy.
 J - a +2 hat (worn)
Jewellery
 e - a ring of see invisible (left hand)
 h - an amulet of faith
 y - an amulet of reflection (around neck)
 D - a +6 ring of dexterity (right hand)
Wands
 r - a wand of flame (95)
 v - a wand of light (11)
 C - a wand of charming (18)
Scrolls
 i - 2 scrolls of fear
 m - 4 scrolls of blinking
 o - 4 scrolls of fog
 p - a scroll of vulnerability
 q - 3 scrolls of enchant armour {unknown}
 t - 11 scrolls of teleportation
 u - 3 scrolls of immolation {unknown}
 A - 2 scrolls of amnesia {unknown}
 F - a scroll of summoning {unknown}
 H - a scroll of brand weapon {unknown}
 I - a scroll of poison {unknown}
Potions
 b - 2 potions of flight {unknown}
 d - a potion of might
 f - 3 potions of mutation
 j - 4 potions of haste {unknown}
 k - 3 potions of curing
 l - 2 potions of degeneration {unknown}
 s - a potion of lignification {unknown}
 w - a potion of magic {unknown}
 z - 2 potions of ambrosia {unknown}
 B - a potion of heal wounds
 G - 2 potions of invisibility {unknown}


   Skills:
 + Level 10.2 Fighting
 + Level 15.0 Axes
 + Level 10.0 Armour
 + Level 9.8 Shields
 * Level 6.1 Invocations


You had 10 spell levels left.
You didn't know any spells.
Your spell library contained the following spells:

 Spells                   Type           Power      Damage    Failure   Level
 Corpse Rot               Necr/Pois/Air  0%         N/A       100%        4
 Dispel Undead            Necr           0%         3d6       100%        4
 Death Channel            Necr           0%         N/A       100%        6


Dungeon Overview and Level Annotations

Branches:
Dungeon (11/15)            Temple (1/1) D:7            Lair (0/5) D:9
    Orc (0/2) D:11

Altars:
Ashenzari
Cheibriados
Gozag
Hepliaklqana
Kikubaaqudgha
Makhleb
Okawaru
Qazlal
Ru
Trog
Uskayaw
Wu Jian
Xom
Yredelemnul
Zin
The Shining One

Shops:
D:6 (   D:11 [

Annotations:
D:6 3 runed translucent doors, MinkTDR's ghost, amateur MiFi; jaiteiro's ghost, novice MiHu; raetorn's ghost, amateur FeSu
D:8 Amaemon


Innate Abilities, Weirdness & Mutations

You have a pair of horns on your head.
You reflexively headbutt those who attack you in melee.


Message History

You slash the orc warrior!
The orc warrior is heavily wounded.
You slash the acid dragon!
You feel sick. You block the acid dragon's attack. The acid dragon claws you.
You slash the two-headed ogre!
The two-headed ogre is lightly wounded.
You hit the acid dragon but do no damage.
You feel sick.
You are no longer poisoned.
The orc warrior hits you from afar with a +0 glaive!
The acid dragon spits acid at you. The splash of acid hits you!
The acid corrodes you!
You hit the two-headed ogre.
You headbutt the two-headed ogre, but do no damage.
The two-headed ogre is moderately wounded.
You barely miss the acid dragon.
Unknown command.
You slash the two-headed ogre!
You headbutt the two-headed ogre, but do no damage.
The two-headed ogre is heavily wounded.
You slash the acid dragon!
The two-headed ogre completely misses you.
The two-headed ogre misses you.
The orc warrior hits you from afar with a +0 glaive!!
* * * LOW HITPOINT WARNING * * *
The acid dragon barely misses you. x2
You slash the two-headed ogre! You headbutt the two-headed ogre.
The two-headed ogre is almost dead.
You hit the acid dragon but do no damage.
The orc warrior hits you from afar with a +0 glaive!
* * * LOW HITPOINT WARNING * * *
You block the acid dragon's attack. x2
Unknown command.
You hit the two-headed ogre but do no damage.
The two-headed ogre is almost dead.
You hit the acid dragon but do no damage.
The two-headed ogre hits you with a +0 giant club!
* * * LOW HITPOINT WARNING * * *
The two-headed ogre hits you with a +0 giant spiked club!
You die...

# ##.## ## #...
.####### ######.#
.#.....# #......#
.#.#...# #......# #
...#...# #......####.#
..##...###.....).....#
............##.).$)..#
#....##..#.###.)@....#
...#....#..# #)DO....#
.#.#....#.## #...o...#
^..#...>#.# #...>...#
...#.##.#.# #.......#
...#. #.#.# #.$.∩.$...
...# #.#.# ...........
. ....$..[....


You could see a two-headed ogre, an orc warrior and an acid dragon.

Vanquished Creatures
  Gastronok (D:11)
  Josephine (D:11)
  A two-headed ogre (D:11)
  Erica (D:9)
  A komodo dragon (D:10)
  Psyche (D:11)
  4 trolls
  Prince Ribbit (D:8)
  A shadow (D:10)
  A vampire (D:9)
  Sigmund (D:3)
  5 wraiths
  A wyvern (D:9)
  26 yaks
  3 steam dragons
  3 water moccasins (D:9)
  3 orc warriors
  An ice beast (D:5)
  2 black bears
  2 ogres
  A centaur (D:5)
  2 phantoms (D:5)
  4 kobold brigands
  9 bullfrogs
  2 necrophages (D:5)
  2 gnoll sergeants
  5 scorpions (D:5)
  3 wights (D:6)
  19 killer bees
  A howler monkey (D:9)
  2 orc priests
  A gnoll bouda (D:7)
  3 jellies
  4 hounds
  Jessica (D:3)
  Natasha (thrice) (D:2)
  8 iguanas
  2 orc wizards
  A mummy (D:7)
  8 adders
  15 gnolls
  A shadow imp (D:7)
  3 white imps
  An ufetubus (D:5)
  4 dart slugs
  29 orcs
  10 ball pythons
  A bat (D:2)
  7 endoplasms
  5 giant cockroaches
  2 goblins
  10 hobgoblins
  7 jackals
  22 kobolds
  6 quokkas
  8 rats
272 creatures vanquished.

Vanquished Creatures (others)
  20 fungi (D:9)
  24 plants (D:9)
  4 withered plants (D:6)
48 creatures vanquished.

Grand Total: 320 creatures vanquished

Notes
Turn   | Place    | Note
-------+----------+-------------------------------------------
     0 | D:1      | Exodus22XD the Minotaur Fighter began the quest for the
                  | Orb.
     0 | D:1      | Reached XP level 1. HP: 19/19 MP: 0/0
   111 | D:1      | Reached XP level 2. HP: 18/27 MP: 1/1
   339 | D:1      | You fall into a shaft and drop 1 floor!
   663 | D:1      | Reached XP level 3. HP: 33/33 MP: 2/2
   854 | D:2      | Noticed Natasha
   858 | D:2      | Killed Natasha
   859 | D:2      | Reached skill level 3 in Axes
  1102 | D:2      | Reached XP level 4. HP: 40/40 MP: 3/3
  1553 | D:2      | Noticed Natasha
  1560 | D:2      | Killed Natasha
  1581 | D:2      | Noticed Natasha
  1589 | D:2      | Killed Natasha
  1590 | D:2      | Reached skill level 4 in Axes
  1590 | D:2      | Reached XP level 5. HP: 42/47 MP: 4/4
  1644 | D:3      | Noticed Sigmund
  1650 | D:3      | Killed Sigmund
  1651 | D:3      | Reached skill level 5 in Axes
  1651 | D:3      | Reached skill level 5 in Armour
  1651 | D:3      | Reached XP level 6. HP: 53/53 MP: 5/5
  1771 | D:3      | Found a stormy altar of Qazlal.
  1912 | D:3      | Identified the +4 ring mail "Qoulud" {Str+7 SInv Stlth-}
  1938 | D:3      | Found an ancient bone altar of Kikubaaqudgha.
  2036 | D:3      | Noticed Jessica
  2040 | D:3      | Killed Jessica
  2208 | D:3      | Found a glowing golden altar of the Shining One.
  2210 | D:3      | Found a shimmering altar of Xom.
  2210 | D:3      | Found a hazy altar of Hepliaklqana.
  2213 | D:3      | Found a broken altar of Ashenzari.
  2213 | D:3      | Found a shimmering altar of Xom.
  2213 | D:3      | Found a shimmering blue altar of Sif Muna.
  2336 | D:4      | Found a hazy altar of Hepliaklqana.
  2826 | D:4      | Reached skill level 6 in Axes
  3017 | D:4      | Reached skill level 5 in Fighting
  3017 | D:4      | Reached skill level 5 in Shields
  3017 | D:4      | Reached XP level 7. HP: 55/61 MP: 6/6
  3518 | D:4      | Identified the +8 halberd "Ynlufi" {vamp, +Blink Str+4}
  3778 | D:5      | Entered Level 5 of the Dungeon
  3788 | D:5      | Reached skill level 7 in Axes
  3949 | D:5      | Reached XP level 8. HP: 51/70 MP: 7/7
  3951 | D:5      | Reached skill level 8 in Axes
  4279 | D:5      | Reached skill level 9 in Axes
  4801 | D:5      | Reached XP level 9. HP: 78/78 MP: 8/8
  5120 | D:6      | Found a runed translucent gate.
  5121 | D:6      | Found a runed translucent gate.
  5122 | D:6      | Found a runed translucent gate.
  5123 | D:6      | Noticed MinkTDR's ghost (amateur MiFi)
  5124 | D:6      | Noticed jaiteiro's ghost (novice MiHu)
  5128 | D:6      | Noticed raetorn's ghost (amateur FeSu)
  5167 | D:6      | Reached skill level 10 in Axes
  5685 | D:6      | Found Weimeilu's Weapon Shop.
  5886 | D:6      | Noticed a troll
  5889 | D:6      | Killed a troll
  5970 | D:7      | Reached skill level 11 in Axes
  6236 | D:7      | Found a staircase to the Ecumenical Temple.
  6241 | Temple   | Entered the Ecumenical Temple
  6249 | Temple   | Became a worshipper of the Shining One
  6686 | D:7      | Reached skill level 1 in Invocations
  6748 | D:7      | Found a snail-covered altar of Cheibriados.
  7362 | D:8      | Noticed Prince Ribbit
  7368 | D:8      | Killed Prince Ribbit
  7369 | D:8      | Reached XP level 10. HP: 77/88 MP: 10/10
  7987 | D:8      | Reached skill level 12 in Axes
  8165 | D:8      | Found a glowing silver altar of Zin.
  8165 | D:8      | Noticed an orange demon
  8165 | D:8      | Noticed Amaemon
  8336 | D:9      | Found a staircase to the Lair.
  8370 | D:9      | Reached * piety under the Shining One
  8395 | D:9      | Reached skill level 13 in Axes
  8765 | D:9      | Noticed Erica
  8773 | D:9      | Killed Erica
  9102 | D:9      | Reached XP level 11. HP: 46/97 MP: 13/13
  9980 | D:10     | Entered Level 10 of the Dungeon
 10053 | D:10     | Reached skill level 5 in Invocations
 10369 | D:10     | Reached skill level 14 in Axes
 11119 | D:11     | Noticed a two-headed ogre
 11125 | D:11     | Killed a two-headed ogre
 11125 | D:11     | Noticed Gastronok
 11137 | D:11     | Killed Gastronok
 11253 | D:11     | Noticed Josephine
 11254 | D:11     | Reached ** piety under the Shining One
 11257 | D:11     | Reached skill level 10 in Fighting
 11265 | D:11     | Reached skill level 10 in Armour
 11271 | D:11     | Killed Josephine
 11399 | D:11     | Found a staircase to the Orcish Mines.
 11399 | D:11     | Found Qanih's Armour Shop.
 11399 | D:11     | Noticed Psyche
 11402 | D:11     | Reached skill level 15 in Axes
 11405 | D:11     | Noticed a two-headed ogre
 11409 | D:11     | Killed Psyche
 11416 | D:11     | Slain by a two-headed ogre

Illustrated notes

Levels and vault maps discovered:
D:1:      mushboom_english_gardens, layout_basic, kennysheep_doodads
D:2:      layout_loops_cross, palyth_stone_intersect, patterned_corridor,
          uniq_natasha
D:3:      layout_rooms, lemuel_doored_altar, doesnt_xom_only_xom,
          mainiacjoe_overflow_alcove_2, serial_corexii_hall,
          corexii_hall_statues_t, corexii_hall_statues_l,
          corexii_hall_statues_i, corexii_hall_statues_x,
          corexii_hall_statues_x, corexii_hall_statues_u,
          kennysheep_generic_room_7, uniq_jessica, uniq_sigmund
D:4:      cheibrodos_thug_alley, layout_basic, mainiacjoe_overflow_catwalk
D:5:      cheibrodos_fzero, layout_cave_pools, minmay_fractal_squares_diagonal_5
D:6:      layout_rooms, gammafunk_ghost_cemetery, serial_shops,
          nicolae_shop_crystal
D:7:      layout_basic, slow_altar_1, temple_doors_cd
D:8:      layout_layer_cave, mainiacjoe_overflow_concentric_impassable,
          uniq_amaemon, uniq_prince_ribbit1
D:9:      layout_roguey, due_lair_maze_entry_diamond, uniq_erica
D:10:     layout_loops_corners
D:11:     layout_basic, orc_david_3, uniq_gastronok, uniq_sonja, uniq_psyche,
          uniq_josephine
Temple:   compressed_dpeg_triangle_lava_temple

Skill      XL: |  1  2  3  4  5  6  7  8  9 10 11 |
---------------+----------------------------------+-----
Fighting       | 4 5 6 8 9 10 | 10.2
Armour         | 4 5 6 7 8 9 10 | 10.0
Shields        | 4 5 7 8 9 |  9.8
Axes           | 3 4 5 6 7 9 11 13 15 | 15.0
Invocations    | 2 4 6 |  6.1

Action                   |  1- 3 |  4- 6 |  7- 9 | 10-12 || total
-------------------------+-------+-------+-------+-------++-------
Melee: War axe           |    47 |    89 |   205 |   243 ||   584
       Headbutt          |     8 |    12 |    52 |    74 ||   146
Invok: Divine Shield     |       |       |       |     1 ||     1
  Use: Scroll            |       |       |     9 |     1 ||    10
       Potion            |       |       |     2 |     5 ||     7
Armor: Scale mail        |    15 |       |       |       ||    15
       Plate armour      |    11 |    54 |     9 |       ||    74
       Ring mail         |       |       |    74 |    56 ||   130
Dodge: Dodged            |    18 |    24 |    86 |    87 ||   215
Block: Buckler           |    10 |    28 |   137 |   124 ||   299
       Reflection        |       |       |       |     2 ||     2
